 Dungeon Crawl Stone Soup version 0.21-a0-509-gecc5317 (webtiles) character file.

133 Dawnplanks the Chopper (level 4, -6/37 HPs)
             Began as a Draconian Skald on Nov 29, 2017.
             Mangled by BingusPrime's ghost (10 damage)
             ... on level 3 of the Dungeon.
             The game lasted 00:14:08 (3396 turns).

Dawnplanks the Chopper (Draconian Skald)            Turns: 3396, Time: 00:14:08

Health: -6/37      AC:  5    Str: 14    XL:     4   Next: 93%
Magic:  0/7        EV: 13    Int: 13    God:
Gold:   70         SH:  0    Dex: 11    Spells: 1/7 levels left

rFire    . . .     SeeInvis .   a - +0 hand axe
rCold    . . .     Gourm    .   (no shield)
rNeg     + . .     Faith    .   (armour unavailable)
rPois    .         Spirit   .   (helmet restricted)
rElec    .         Reflect  .   (no cloak)
rCorr    .         Harm     .   (no gloves)
MR       +....                  (no boots)
Stlth    +.........             (no amulet)
HPRegen  0.12/turn              e - ring of positive energy
MPRegen  0.10/turn              l - ring of protection from magic

@: no status effects
A: unfitting armour, cold-blooded, AC +5
a: no special abilities


You were on level 3 of the Dungeon.
You were not hungry.

You visited 1 branch of the dungeon, and saw 3 of its levels.

You collected 70 gold pieces.

Inventory:

Hand Weapons
 a - a +0 hand axe (weapon)
Jewellery
 e - a ring of positive energy (left hand)
 l - a ring of protection from magic (right hand)
Scrolls
 d - a scroll of noise {unknown}
 f - a scroll of immolation {unknown}
 g - a scroll of teleportation {unknown}
 h - a scroll of fog {unknown}
 j - a scroll of amnesia {unknown}
 m - 2 scrolls of identify {unknown}
 n - a scroll of remove curse {unknown}
Potions
 k - a potion of mutation {unknown}
 o - a potion of flight {unknown}
Books
 b - a book of Battle

   Spells                             Type                      Level
   a - Infusion                       Charms                       1
   b - Shroud of Golubria             Charms/Translocation         2
   c - Song of Slaying                Charms                       2
   d - Spectral Weapon                Hexes/Charms                 3
   e - Regeneration                   Charms/Necromancy            3
Comestibles
 i - a royal jelly


   Skills:
 + Level 2.9 Fighting
 + Level 3.5 Axes
 + Level 2.8 Dodging
 + Level 2.4 Spellcasting
 + Level 3.2 Charms


You had one spell level left.
You knew the following spells:

 Your Spells              Type           Power        Failure   Level  Hunger
a - Infusion              Chrm           ##..         6%          1    #......
b - Song of Slaying       Chrm           ##......     10%         2    ###....
c - Regeneration          Chrm/Necr      #.........   36%         3    ###....


Dungeon Overview and Level Annotations

Branches:
Dungeon (3/15)

Altars:
Yredelemnul

Annotations:
D:3 BingusPrime's ghost, amateur TrWr


Innate Abilities, Weirdness & Mutations

Your plain brown scales are hard. (AC +5)
You cannot fit into any form of body armour.
You are cold-blooded and may be slowed by cold attacks.


Message History

BingusPrime's ghost hits you.
You hit BingusPrime's ghost but do no damage.
BingusPrime's ghost is heavily damaged.
BingusPrime's ghost hits you.
* * * LOW HITPOINT WARNING * * *
You hit BingusPrime's ghost but do no damage.
BingusPrime's ghost is heavily damaged.
BingusPrime's ghost hits you but does no damage.
You hit BingusPrime's ghost.
BingusPrime's ghost is heavily damaged.
BingusPrime's ghost barely misses you. BingusPrime's ghost closely misses you.
You hit BingusPrime's ghost but do no damage.
BingusPrime's ghost is heavily damaged.
BingusPrime's ghost hits you.
* * * LOW HITPOINT WARNING * * *
You closely miss BingusPrime's ghost.
BingusPrime's ghost is heavily damaged.
You are no longer magically infusing your attacks.
BingusPrime's ghost hits you!
You die...

####.# #.# #.###
#.###+###....
#...........#
...........>#.##.#
#############.# .#
#.... #.# .#
#.#.###### #.# #
#.#....... #.#
#@#...# #.#
#.W...#######.#
#.#...........#
###############


You could see BingusPrime's ghost.

Vanquished Creatures
  6 adders
  2 oozes
  A worm (D:2)
  A dart slug (D:1)
  4 leopard geckos
  A giant cockroach (D:1)
  15 goblins
  6 hobgoblins
  2 jackals (D:2)
  9 kobolds
  A quokka (D:2)
  5 bats
  4 frilled lizards
  5 rats
  4 plants (D:1)
66 creatures vanquished.

Notes
Turn   | Place    | Note
-------+----------+-------------------------------------------
     0 | D:1      | Dawnplanks the Draconian Skald began the quest for the Orb.
     0 | D:1      | Reached XP level 1. HP: 17/17 MP: 3/3
   461 | D:1      | Reached XP level 2. HP: 21/24 MP: 5/5
   721 | D:1      | Reached XP level 3. HP: 18/30 MP: 2/6
  1346 | D:2      | Reached XP level 4. HP: 26/37 MP: 4/7
  1546 | D:2      | Learned a level 2 spell: Song of Slaying
  2420 | D:3      | Found a basalt altar of Yredelemnul.
  2577 | D:3      | Noticed BingusPrime's ghost (amateur TrWr)
  3381 | D:2      | Learned a level 3 spell: Regeneration
  3396 | D:3      | Mangled by BingusPrime's ghost

Vault maps used:
D:1:      co_arrival_square_in_a_square_in_a_square, hangedman_feature_mirror,
          minmay_curled_crystal, serial_bayou_lagoon_a, st_stairs_5
D:2:      grunt_ministairs_6, minivault_23, kennysheep_generic_room_12
D:3:      cheibrodos_greedy_goblins, lemuel_zombie_altar_kikubaaqudgha,
          lemuel_doored_altar, uniq_robin

Skill      XL: |  1  2  3  4 |
---------------+-------------+-----
Charms         | 3 |  3.2
Axes           | 3 |  3.5
Fighting       | |  2.9
Dodging        | |  2.8
Spellcasting   | |  2.4

Action                   |  1- 3 |  4- 6 || total
-------------------------+-------+-------++-------
Melee: Hand axe          |   267 |   110 ||   377
       Tailslap          |    46 |    13 ||    59
 Cast: Infusion          |     7 |     7 ||    14
       Song of Slaying   |       |     2 ||     2
       Regeneration      |       |     1 ||     1
 Stab: Sleeping          |     1 |     2 ||     3
       Distracted        |       |     1 ||     1
  Eat: Chunk             |     2 |     5 ||     7
       Bread ration      |       |     1 ||     1
Armor: Skin              |    40 |    28 ||    68
Dodge: Dodged            |    77 |    57 ||   134

Table legend:
 A = Spawn XP
 B = Non-spawn XP
 C = Spawn XP percentage of total XP
 D = Spawn monster count
 E = Non-spawn monster count
 F = Spawn count percentage of total count
 G = Total turns spent on level
                    A         B        C        D         E        F      G
               +---------+---------+-------+---------+---------+-------+---------
         Total |       0 |     190 |   0.0 |       0 |      62 |   0.0 |  3396
               +---------+---------+-------+---------+---------+-------+---------
           D:1 |       0 |      43 |   0.0 |       0 |      21 |   0.0 |  1067
           D:2 |       0 |      93 |   0.0 |       0 |      20 |   0.0 |  2041
           D:3 |       0 |      54 |   0.0 |       0 |      21 |   0.0 |   288
               +---------+---------+-------+---------+---------+-------+---------
